 Dungeon Crawl Stone Soup version 0.29.1-1-gd02db6906a (webtiles) character file.

Game seed: 4941568281687036540

67 LustLizard the Vexing (level 3, -8/18 HPs)
             Began as a Spriggan Arcane Marksman on Sept 22, 2022.
             Killed from afar by Natasha (9 damage)
             ... with a magic dart
             ... on level 3 of the Dungeon.
             The game lasted 00:03:51 (1760 turns).

LustLizard the Vexing (Spriggan Arcane Marksman)    Turns: 1760, Time: 00:03:52

Health: -8/18      AC:  3    Str:  6    XL:     3   Next: 98%
Magic:  6/6        EV: 17    Int: 14    God:
Gold:   84         SH:  0    Dex: 17    Spells: 0/4 levels left

rFire   + . .      SeeInvis +   a - +1 sling
rCold   + . .      Faith    .   (no shield)
rNeg    . . .      Spirit   .   l - +1 robe {rC+ rF+}
rPois   .          Reflect  .   (helmet restricted)
rElec   .          Harm     .   (no cloak)
rCorr   .          Rampage  .   (gloves unavailable)
Will    .....                   (boots unavailable)
Stlth   ++........              (no amulet)
HPRegen 0.06/turn               (no ring)
MPRegen 0.10/turn               (no ring)

@: slowed, quick
A: very small, no large weapons, unfitting armour, see invisible, speed 3
a: no special abilities


You were on level 3 of the Dungeon.
You visited 1 branch of the dungeon, and saw 3 of its levels.

You collected 84 gold pieces.

Inventory:

Hand Weapons
 a - a +1 sling (weapon)
Armour
 c - a +0 robe
 l - a +1 robe of resistance (worn)
Jewellery
 f - an amulet of faith
Scrolls
 b - a scroll of poison
 d - a scroll of blinking {unknown}
 e - a scroll of magic mapping {unknown}
 h - 2 scrolls of silence {unknown}
 k - 2 scrolls of identify {unknown}
Potions
 g - 2 potions of haste {unknown}
 i - a potion of resistance {unknown}
 j - a potion of magic {unknown}
 m - a potion of curing {unknown}


   Skills:
 + Level 1.4 Fighting
 * Level 2.9 Ranged Weapons
 - Level 2.6 Dodging
 * Level 2.8 Stealth
 - Level 1.3 Spellcasting
 - Level 4.0 Hexes
 * Level 1.4 Translocations


You couldn't memorise any spells.
You knew the following spells:

 Your Spells              Type           Power      Damage    Failure   Level
a - Slow                  Hex            48%        N/A       4%          1
b - Portal Projectile     Hex/Tloc       16%        N/A       26%         3

Your spell library contained the following spells:

 Spells                   Type           Power      Damage    Failure   Level
 Inner Flame              Hex/Fire       6%         N/A       32%         3
 Cause Fear               Hex            6%         N/A       43%         4
 Conjure Flame            Conj/Fire      0%         6-21      58%         3
 Ignite Poison            Fire/Tmut/Pois 0%         N/A       58%         3
 Passage of Golubria      Tloc           5%         N/A       80%         4
 Sticky Flame             Conj/Fire      0%         2d3       94%         4
 Silence                  Hex/Air        3%         N/A       97%         5
 Lehudib's Crystal Spear  Conj/Erth      0%         10d2      100%        8


Dungeon Overview and Level Annotations

Branches:
Dungeon (3/15)

Altars:
Qazlal

Annotations:
D:3 Natasha


Innate Abilities, Weirdness & Mutations

You are very small and have problems with some larger weapons.
You are too small for most types of armour.
You have supernaturally acute eyesight. (SInv)
You cover ground extremely quickly. (Speed+++)


Message History

HP restored.
You start waiting.
Done waiting.
You shoot a sling bullet. The sling bullet barely misses Natasha.
Natasha hisses angrily.
Natasha casts a spell at you.
You feel yourself slow down.
You shoot a sling bullet. The sling bullet barely misses Natasha.
You shoot a sling bullet. The sling bullet hits Natasha.
Natasha is heavily wounded.
Natasha stares at you and mumbles some strange words.
You resist with some effort.
Natasha casts a spell.
You shoot a sling bullet. The sling bullet misses Natasha.
Natasha wildly gestures.
Natasha's front paws start to glow.
Natasha casts a spell at you. You resist with some effort.
The crimson imp blinks!
You shoot a sling bullet. The sling bullet hits Natasha.
Natasha is heavily wounded.
Natasha mumbles some strange words.
Natasha drinks a potion.
Natasha is healed!
You shoot a sling bullet.
The sling bullet closely misses Natasha.
The sling bullet misses the crimson imp.
Natasha misses you.
You shoot a sling bullet.
The sling bullet closely misses Natasha.
The sling bullet barely misses the crimson imp.
Natasha stares at you and mumbles some strange words.
The magic dart hits you!
Ouch! That really hurt!
The crimson imp blinks!
Natasha casts a spell at you. The magic dart hits you!
* * * LOW HITPOINT WARNING * * *
Natasha stares at you and mumbles some strange words.
The magic dart hits you!
Ouch! That really hurt!
You die...

#......# #.(....#
###..########
#...###...# ##........#
#.####...# #.# #...###
#.# #.....## #@#
#...#..# #.####...##.##
#h#......##..###
#5..##...###.>.#
##...........##.#
##.............#.#
#.5..>...........###
#####...................
#...................#...


You could see Natasha and 2 crimson imps.

Vanquished Creatures
  A worm (D:2)
  2 dart slugs
  A ball python (D:1)
  5 bats
  7 endoplasms
  6 giant cockroaches
  5 goblins
  3 hobgoblins (D:1)
  9 jackals
  2 quokkas (D:1)
  4 frilled lizards
  4 kobolds
49 creatures vanquished.

Notes
Turn   | Place    | Note
-------+----------+-------------------------------------------
     0 | D:1      | LustLizard the Spriggan Arcane Marksman began the quest for
                  | the Orb.
     0 | D:1      | Reached XP level 1. HP: 9/9 MP: 3/3
    18 | D:1      | Reached skill level 1 in Stealth
    61 | D:1      | Reached skill level 1 in Fighting
    61 | D:1      | Reached XP level 2. HP: 14/14 MP: 5/5
   408 | D:1      | Reached XP level 3. HP: 18/18 MP: 6/6
   498 | D:1      | Found a faded altar of an unknown god.
   855 | D:1      | Learned a level 3 spell: Portal Projectile
  1001 | D:2      | Reached skill level 1 in Translocations
  1074 | D:2      | Reached skill level 4 in Hexes
  1122 | D:2      | Found a stormy altar of Qazlal.
  1551 | D:3      | Noticed Natasha
  1760 | D:3      | Killed from afar by Natasha

Illustrated notes

Levels and vault maps discovered:
D:1:      minmay_arrival_four_circles, layout_rooms, basic_ecumenical_altar,
          serial_rivers, chequers_serial_rivers_marsh,
          chequers_serial_rivers_micro_b, chequers_serial_rivers_large_a,
          chequers_serial_rivers_micro_d, chequers_serial_rivers_room_a
D:2:      minmay_alternating_diamond, layout_rooms, basic_altar,
          chequers_serial_rivers_micro_d, eino_curves_01
D:3:      layout_rooms, chequers_serial_rivers_micro_c, uniq_natasha, uniq_ijyb

Skill      XL: |  1  2  3 |
---------------+----------+-----
Stealth        | 1 2 |  2.8
Fighting       | 1 |  1.4
Translocations | 1 |  1.4
Hexes          | 4 |  4.0
Ranged Weapons | |  2.9
Dodging        | |  2.6
Spellcasting   | |  1.3

Action                   || total
-------------------------++-------
 Fire: Sling             ||   153
 Cast: Slow              ||     2
Armor: Robe              ||     8
Dodge: Dodged            ||    50
